 Dungeon Crawl Stone Soup version 0.28.0-49-g6dfe1f597d (webtiles) character file.

Game seed: 8955637967664324801

7 Exodus22XD the Sneak (level 1, 9/9 HPs)
             Began as a Spriggan Enchanter on May 15, 2022.
             Was a Follower of Cheibriados.
             Quit the game on level 1 of the Dungeon.
             The game lasted 00:00:38 (290 turns).

Exodus22XD the Sneak (Spriggan Enchanter)            Turns: 290, Time: 00:00:39

Health: 9/9        AC:  2    Str:  6    XL:     1   Next: 83%
Magic:  5/5        EV: 17    Int: 18    God:    Cheibriados [*.....]
Gold:   18         SH:  0    Dex: 17    Spells: 5/5 levels left

rFire   . . .      SeeInvis +   a - +1 dagger
rCold   . . .      Faith    .   (no shield)
rNeg    . . .      Spirit   .   b - +0 robe
rPois   .          Reflect  .   (helmet restricted)
rElec   .          Harm     .   (no cloak)
rCorr   .          Rampage  .   (gloves unavailable)
Will    .....                   (boots unavailable)
Stlth   +++.......              (no amulet)
HPRegen 0.03/turn               (no ring)
MPRegen 0.09/turn               (no ring)

@: quick
A: very small, no large weapons, unfitting armour, see invisible, speed 3
a: Renounce Religion, Bend Time


You were on level 1 of the Dungeon.
You worshipped Cheibriados.
Cheibriados was aware of your devotion.
You visited 1 branch of the dungeon, and saw 1 of its levels.

You collected 18 gold pieces.

Inventory:

Hand Weapons
 a - a +1 dagger (weapon)
Armour
 b - a +0 robe (worn)
Scrolls
 e - a scroll of acquirement {unknown}
Potions
 c - a potion of invisibility
 d - a potion of curing {unknown}


   Skills:
 - Level 1.1 Short Blades
 - Level 2.6 Dodging
 + Level 5.3 Stealth
 - Level 2.6 Spellcasting
 - Level 3.6 Hexes


You had 5 spell levels left.
You didn't know any spells.
Your spell library contained the following spells:

 Spells                   Type           Power      Damage    Failure   Level
 Ensorcelled Hibernation  Hex/Ice        16%        N/A       12%         2
 Confusing Touch          Hex            15%        N/A       12%         3
 Tukima's Dance           Hex            15%        N/A       12%         3
 Foxfire                  Conj/Fire      8%         2x1d4     17%         1
 Dazzling Flash           Conj/Hex       16%        N/A       24%         3
 Gell's Gravitas          Tloc           2%         N/A       45%         3
 Teleport Other           Tloc           2%         N/A       45%         3
 Dispersal                Tloc           1%         N/A       100%        6


Dungeon Overview and Level Annotations

Branches:
Dungeon (1/15)

Altars:
Cheibriados

Shops:
D:1 ((


Innate Abilities, Weirdness & Mutations

You are very small and have problems with some larger weapons.
You are too small for most types of armour.
You have supernaturally acute eyesight. (SInv)
You cover ground extremely quickly. (Speed+++)


Message History

No target in view!
No target in view!
No target in view!
No target in view!
There is an entrance to Tasmucu's Weapon Shop here.
A goblin comes into view. It is wielding a +0 club.
You see here a scroll labelled LYNISA GUFF.
The helpless goblin fails to defend itself.
You impale the goblin!!
You kill the goblin!
Things that are here:
a +0 club; a goblin corpse
e - a scroll labelled LYNISA GUFF You pick up a There-And-Back Book and begin reading...
You add the spells Gell's Gravitas, Teleport Other and Dispersal to your library.
No target in view!
Things that are here:
a +0 club; a goblin corpse
Things that are here:
a +0 club; a goblin corpse You see here a bat corpse.
Found a faded altar of an unknown god.
A hobgoblin comes into view.
You pick up Plato's Papyrus of Conjuration and begin reading...
You add the spell Foxfire to your library.
There is a faded altar of an unknown god here.
You cannot tell which god this altar belongs to.
Convert to them anyway?
Cheibriados accepts your prayer! Cheibriados welcomes you!
Cheibriados begins to support your attributes as your movement slows.
Cheibriados is now slowing the effects of poison on you.
You can now bend time to slow others.
Cheibriados raises the support of your attributes as your movement slows.
Unknown command.
Press < or > to pray at altars.
Unknown command.
Press < or > to pray at altars.
Unknown command.
Press < or > to pray at altars.
Are you sure you want to abandon this character and quit the game? (Confirm with "yes".)

##..# ..# #..#
#..# #..# ...#
#..#
##..########..#
.............#
##..#########.#
#...# #.#
#@..#########.#
#P............#
##^.###########
#.P^.# #.##^.#
.P .^.# ..
##..# g ...#
..##


There were no monsters in sight!

Vanquished Creatures
  An endoplasm (D:1)
  A goblin (D:1)
  A hobgoblin (D:1)
  A ball python (D:1)
  3 bats (D:1)
7 creatures vanquished.

Notes
Turn   | Place    | Note
-------+----------+-------------------------------------------
     0 | D:1      | Exodus22XD the Spriggan Enchanter began the quest for the
                  | Orb.
     0 | D:1      | Reached XP level 1. HP: 9/9 MP: 5/5
    41 | D:1      | Found Ralar's Weapon Shoppe.
   168 | D:1      | Reached skill level 5 in Stealth
   207 | D:1      | Found Tasmucu's Weapon Shop.
   280 | D:1      | Found a faded altar of an unknown god.
   288 | D:1      | Got Plato's Papyrus of Conjuration
   289 | D:1      | Prayed at the altar of an unknown god.
   289 | D:1      | Became a worshipper of Cheibriados the Contemplative
   289 | D:1      | Reached * piety under Cheibriados
   290 | D:1      | Quit the game

Illustrated notes

Levels and vault maps discovered:
D:1:      lemuel_arrival_rhombus, layout_loops_ring, serial_shops, shop_statue,
          nicolae_shop_bloodbath_and_beyond, shop, shop_statue,
          shapermc_ecumenical_altar_rom_forum, st_stairs_14

Skill      XL: |  1 |
---------------+----+-----
Stealth        | 5 |  5.3
Short Blades   | |  1.1
Dodging        | |  2.6
Spellcasting   | |  2.6
Hexes          | |  3.6

Action                   || total
-------------------------++-------
Melee: Dagger            ||    23
 Stab: Sleeping          ||     2
Armor: Robe              ||     4
Dodge: Dodged            ||    32
